Workbook

Sheet ECONOMICA OFICINAS
A6: INSTITUTO COLOMBIANO AGROPECUARIO ICA
A7: GRUPO DE INFRAESTRUCTURA FISICA Y MANTENIMIENTO
A8: FORMULARIO 10. PROPUESTA ECONÓMICA
A10: "INTERVENTORÍA PARA EL MANTENIMIENTO OFICINA LOCAL ICA BARRANCABERMEJA Y DE LA INFRAESTRUCTURA DEL LABORATORIO DE DIAGNÓSTICO VETERINARIO DE BARRANCABERMEJA - SANTANDER"
A12: PERSONAL PROFESIONAL
A13: CONCEPTO | B13: A | D13: C | E13: D | F13: E | G13: F
A14: Personal PROFESIONAL | B14: CANTIDAD | C14: SALARIO BASE + PRESTACIONES | D14: DEDICACION | E14: % FM | F14: VALOR MES (AXBXCXD) | G14: No, de meses | H14: TOTAL PARCIAL (EXF)
A16: DIRECTOR DE INTERVENTORÍA | B16: 1 | C16: 5400000 | D16: 0.294 | E16: 1.76 | F16: =+B16*C16*D16*E16 -> 2794176 | G16: 3 | H16: =+F16*G16 -> 8382528
A17: RESIDENTE DE INTERVENTORÍA | B17: 1 | C17: 4000000 | D17: 0.714 | E17: =$E$16 -> 1.76 | F17: =+B17*C17*D17*E17 -> 5026560 | G17: 3 | H17: =+F17*G17 -> 15079680
A18: INGENIERO HIDRAULICO | B18: 1 | C18: 9000000 | D18: 0.126 | E18: =$E$16 -> 1.76 | F18: =+B18*C18*D18*E18 -> 1995840 | G18: 3 | H18: =+F18*G18 -> 5987520
A19: INGENIERO ELECTRICISTA | B19: 1 | C19: 5100000 | D19: 0.294 | E19: =$E$16 -> 1.76 | F19: =B19*C19*D19*E19 -> 2638944 | G19: 3 | H19: =F19*G19 -> 7916832
A20: INSPECTOR SISOMA - ABIENTAL | B20: 1 | C20: 4500000 | D20: 0.252 | E20: =$E$16 -> 1.76 | F20: =B20*C20*D20*E20 -> 1995840 | G20: 3 | H20: =F20*G20 -> 5987520
A21: SUB TOTAL COSTO PERSONAL (1) | H21: =SUM(H16:H20) -> 43354080
A22: OTROS COSTOS INDIRECTOS EN CAMPO
A23: OTROS COSTOS INDIRECTOS (SOLO SE PAGAN CON FACTURA) | D23: UNIDAD | E23: CANTIDAD | F23: VALOR UNITARIO | G23: No. De meses | H23: TOTAL
A24: PAPELERÍA | D24: Gl | E24: 1 | F24: =155000*0.84 -> 130200 | H24: =F24*E24 -> 130200
A25: ENSAYOS DE LABORATORIO | D25: Gl | E25: 1 | F25: =520000*0.84 -> 436800 | H25: =F25*E25 -> 436800
A26: GARANTÍAS | D26: Gl | E26: 1 | F26: =205000*0.84 -> 172200 | H26: =F26*E26 -> 172200
A28: SUB TOTAL OTROS COSTOS DIRECTOS (2) | G28: =SUM(H24:H27) -> 739200
A30: COSTO TOTAL (1+2) | H30: =+G28+H21 -> 44093280
H31: =H30*0.19 -> 8377723.2
A32: VALOR TOTAL DE LA OFERTA | H32: =SUM(H30:H31) -> 52471003
A39: CARLOS ANDRES JAIMES SUAREZ
A40: REPRESENTANTE LEGAL - SICA SERVICIOS INDUSTRIALES, COMERCIALES Y ADMINISTRATIVOS SAS

Sheet ECONOMICA LABORATORIOS
A6: INSTITUTO COLOMBIANO AGROPECUARIO ICA
A7: GRUPO DE INFRAESTRUCTURA FISICA Y MANTENIMIENTO
A8: FORMULARIO 10. PROPUESTA ECONÓMICA
A10: "INTERVENTORÍA PARA EL MANTENIMIENTO OFICINA LOCAL ICA BARRANCABERMEJA Y DE LA INFRAESTRUCTURA DEL LABORATORIO DE DIAGNÓSTICO VETERINARIO DE BARRANCABERMEJA - SANTANDER"
A12: PERSONAL PROFESIONAL
A13: CONCEPTO | B13: A | D13: C | E13: D | F13: E | G13: F
A14: Personal PROFESIONAL | B14: CANTIDAD | C14: SALARIO BASE + PRESTACIONES | D14: DEDICACION | E14: % FM | F14: VALOR MES (AXBXCXD) | G14: No, de meses | H14: TOTAL PARCIAL (EXF)
A16: DIRECTOR DE INTERVENTORÍA | B16: 1 | C16: 5400000 | D16: 0.056 | E16: 1.76 | F16: =+B16*C16*D16*E16 -> 532224 | G16: 3 | H16: =+F16*G16 -> 1596672
A17: RESIDENTE DE INTERVENTORÍA | B17: 1 | C17: 4000000 | D17: 0.136 | E17: =$E$16 -> 1.76 | F17: =+B17*C17*D17*E17 -> 957440 | G17: 3 | H17: =+F17*G17 -> 2872320
A18: INGENIERO HIDRAULICO | B18: 1 | C18: 9000000 | D18: 0.024 | E18: =$E$16 -> 1.76 | F18: =+B18*C18*D18*E18 -> 380160 | G18: 3 | H18: =+F18*G18 -> 1140480
A19: INGENIERO ELECTRICISTA | B19: 1 | C19: 5100000 | D19: 0.056 | E19: =$E$16 -> 1.76 | F19: =B19*C19*D19*E19 -> 502656 | G19: 3 | H19: =F19*G19 -> 1507968
A20: INSPECTOR SISOMA - ABIENTAL | B20: 1 | C20: 4500000 | D20: 0.048 | E20: =$E$16 -> 1.76 | F20: =B20*C20*D20*E20 -> 380160 | G20: 3 | H20: =F20*G20 -> 1140480
A21: SUB TOTAL COSTO PERSONAL (1) | H21: =SUM(H16:H20) -> 8257920
A22: OTROS COSTOS INDIRECTOS EN CAMPO
A23: OTROS COSTOS INDIRECTOS (SOLO SE PAGAN CON FACTURA) | D23: UNIDAD | E23: CANTIDAD | F23: VALOR UNITARIO | G23: No. De meses | H23: TOTAL
A24: PAPELERÍA | D24: Gl | E24: 1 | F24: =155000*0.16 -> 24800 | H24: =F24*E24 -> 24800
A25: ENSAYOS DE LABORATORIO | D25: Gl | E25: 1 | F25: =520000*0.16 -> 83200 | H25: =F25*E25 -> 83200
A26: GARANTÍAS | D26: Gl | E26: 1 | F26: =205000*0.16 -> 32800 | H26: =F26*E26 -> 32800
A28: SUB TOTAL OTROS COSTOS DIRECTOS (2) | G28: =SUM(H24:H27) -> 140800
A30: COSTO TOTAL (1+2) | H30: =+G28+H21 -> 8398720
A31: IVA 19% | H31: =H30*0.19 -> 1595756.8
A32: VALOR TOTAL DE LA OFERTA | H32: =SUM(H30:H31) -> 9994476.8
A40: CARLOS ANDRES JAIMES SUAREZ
A41: REPRESENTANTE LEGAL - SICA SERVICIOS INDUSTRIALES, COMERCIALES Y ADMINISTRATIVOS SAS

Sheet ECONOMICA TOTAL
A6: INSTITUTO COLOMBIANO AGROPECUARIO ICA
A7: GRUPO DE INFRAESTRUCTURA FISICA Y MANTENIMIENTO
A8: FORMULARIO 10. PROPUESTA ECONÓMICA
A10: "INTERVENTORÍA PARA EL MANTENIMIENTO OFICINA LOCAL ICA BARRANCABERMEJA Y DE LA INFRAESTRUCTURA DEL LABORATORIO DE DIAGNÓSTICO VETERINARIO DE BARRANCABERMEJA - SANTANDER"
A12: PERSONAL PROFESIONAL
A13: CONCEPTO | B13: A | D13: C | E13: D | F13: E | G13: F
A14: Personal PROFESIONAL | B14: CANTIDAD | C14: SALARIO BASE + PRESTACIONES | D14: DEDICACION | E14: % FM | F14: VALOR MES (AXBXCXD) | G14: No, de meses | H14: TOTAL PARCIAL (EXF)
A16: DIRECTOR DE INTERVENTORÍA | B16: 1 | C16: 5400000 | D16: =+'ECONOMICA OFICINAS'!D16+'ECONOMICA LABORATORIOS'!D16 -> 0.35 | E16: 1.76 | F16: =+B16*C16*D16*E16 -> 3326400 | G16: 3 | H16: =+F16*G16 -> 9979200 | J16: =+C16*D16 -> 1890000
A17: RESIDENTE DE INTERVENTORÍA | B17: 1 | C17: 4000000 | D17: =+'ECONOMICA OFICINAS'!D17+'ECONOMICA LABORATORIOS'!D17 -> 0.85 | E17: =$E$16 -> 1.76 | F17: =+B17*C17*D17*E17 -> 5984000 | G17: 3 | H17: =+F17*G17 -> 17952000 | J17: =+C17*D17 -> 3400000
A18: INGENIERO HIDRAULICO | B18: 1 | C18: 9000000 | D18: =+'ECONOMICA OFICINAS'!D18+'ECONOMICA LABORATORIOS'!D18 -> 0.15 | E18: =$E$16 -> 1.76 | F18: =+B18*C18*D18*E18 -> 2376000 | G18: 3 | H18: =+F18*G18 -> 7128000 | J18: =+C18*D18 -> 1350000
A19: INGENIERO ELECTRICISTA | B19: 1 | C19: 5100000 | D19: =+'ECONOMICA OFICINAS'!D19+'ECONOMICA LABORATORIOS'!D19 -> 0.35 | E19: =$E$16 -> 1.76 | F19: =B19*C19*D19*E19 -> 3141600 | G19: 3 | H19: =F19*G19 -> 9424800 | J19: =+C19*D19 -> 1785000
A20: INSPECTOR SISOMA - ABIENTAL | B20: 1 | C20: 4500000 | D20: =+'ECONOMICA OFICINAS'!D20+'ECONOMICA LABORATORIOS'!D20 -> 0.3 | E20: =$E$16 -> 1.76 | F20: =B20*C20*D20*E20 -> 2376000 | G20: 3 | H20: =F20*G20 -> 7128000 | J20: =+C20*D20 -> 1350000
A21: SUB TOTAL COSTO PERSONAL (1) | H21: =SUM(H16:H20) -> 51612000
A22: OTROS COSTOS INDIRECTOS EN CAMPO
A23: OTROS COSTOS INDIRECTOS (SOLO SE PAGAN CON FACTURA) | D23: UNIDAD | E23: CANTIDAD | F23: VALOR UNITARIO | G23: No. De meses | H23: TOTAL
A24: PAPELERÍA | D24: Gl | E24: 1 | F24: 155000 | H24: =ROUNDDOWN(F24*E24,2) -> 155000
A25: ENSAYOS DE LABORATORIO | D25: Gl | E25: 1 | F25: 520000 | H25: =ROUNDDOWN(F25*E25,2) -> 520000
A26: GARANTÍAS | D26: Gl | E26: 1 | F26: 205000 | H26: =ROUNDDOWN(F26*E26,2) -> 205000
A28: SUB TOTAL OTROS COSTOS DIRECTOS (2) | G28: =SUM(H24:H27) -> 880000
A30: COSTO TOTAL (1+2) | H30: =+G28+H21 -> 52492000
A31: IVA 19% | H31: =H30*0.19 -> 9973480
A32: VALOR TOTAL DE LA OFERTA | H32: =+'ECONOMICA OFICINAS'!H32+'ECONOMICA LABORATORIOS'!H32 -> 62465480 | J32: =+H31+H30 -> 62465480
A40: CARLOS ANDRES JAIMES SUAREZ
A41: REPRESENTANTE LEGAL - SICA SERVICIOS INDUSTRIALES, COMERCIALES Y ADMINISTRATIVOS SAS
